AoeStats
← JohnnyBoii6393

Nomad

508113915Analyzed
2v2 RM · 13d ago on Sep 20, 2026· 39m 9s· 4 players
Game mode
Random Map
Map size
176×176
Population
200
Speed
Normal
Resources
Standard
Victory
Conquest
Starting age
Dark Age
Ending age
Imperial Age
RankedLock teamsTeams togetherTeam positionsShared explorationLock speedFull tech treeHidden civsTurbo modeCheats
Victory
Defeat
🇦🇷 Koreans · Argentina
1363
+15
🇺🇸 Celts · United States
1363
+15
🇨🇱 Khmer · Chile
1430
-19
🇨🇱 Teutons · Chile
1243
-11
JohnnyBoii6393
5:01 Loom
13:12 Feudal Age
17:03 Double-Bit Axe
19:21 Castle Age
17:56 Fishing Lines
17:47 Man-at-Arms
18:30 Gold Mining
18:32 Man-at-Arms
19:53 Long Swordsman
21:20 Gold Shaft Mining
21:31 Wheelbarrow
21:15 Stone Mining
25:43 Forging
26:59 Stone Shaft Mining
28:14 Gillnets
29:31 Iron Casting
28:56 Scale Mail Armor
30:40 Hand Cart
30:10 Town Watch
33:04 Chain Mail Armor
32:10 Pikeman
37:21 Imperial Age
36:22 Bow Saw
36:24 Arson
37:34 Two-Handed Swordsman
38:00 Capped Ram
38:55 Halberdier
39:26 Fletching
40:18 Plate Mail Armor
aReIF
5:12 Loom
12:51 Feudal Age
16:45 Castle Age
16:03 Double-Bit Axe
16:32 Fletching
19:11 Bodkin Arrow
21:53 Ballistics
23:00 Wheelbarrow
26:45 Stone Mining
26:51 Gold Mining
28:50 Town Watch
36:34 Imperial Age
34:57 Gold Shaft Mining
35:03 Stone Shaft Mining
34:17 Horse Collar
36:36 Bow Saw
37:19 Bracer
38:21 Chemistry
37:50 Conscription
Kagaya
14:29 Feudal Age
17:38 Castle Age
15:44 Double-Bit Axe
18:42 Bow Saw
23:53 Town Watch
25:12 Bloodlines
25:14 Husbandry
26:14 Scale Barding Armor
27:45 Forging
28:35 Stone Mining
30:33 Iron Casting
31:35 Wheelbarrow
32:15 Chain Barding Armor
33:27 Gold Mining
33:57 Hand Cart
37:42 Imperial Age
MoTa
4:00 Loom
12:45 Feudal Age
17:48 Castle Age
19:47 Man-at-Arms
35:34 Squires
36:51 Pikeman
Connection lost

Rejoining the realm…

Still unreachable

The connection could not be restored.

Session expired

The server has moved on; the page needs a fresh start.